 Dungeon Crawl Stone Soup version 0.28-a0-1212-gc6b4282bc0 (webtiles) character file.

Game seed: 5462405800784505566

10453 Htamos the Cleaver (level 11, -13/104 HPs)
             Began as a Hill Orc Fighter on Dec 21, 2021.
             Was an Elder of Beogh.
             Mangled by a boulder beetle (37 damage)
             ... on level 11 of the Dungeon.
             The game lasted 00:19:58 (12077 turns).

Htamos the Cleaver (Hill Orc Fighter)              Turns: 12077, Time: 00:19:59

Health: -13/104    AC: 18    Str: 26    XL:     11   Next: 62%
Magic:  17/17      EV:  7    Int:  8    God:    Beogh [****..]
Gold:   751        SH: 10    Dex: 14    Spells: 10/10 levels left

rFire   . . .      SeeInvis .   a - +0 war axe
rCold   . . .      Faith    +   H - +1 buckler {reflect}
rNeg    . . .      Spirit   .   y - +0 plate armour
rPois   +          Reflect  +   (no helmet)
rElec   .          Harm     .   (no cloak)
rCorr   .          Rampage  .   O - +0 pair of gloves
Will    .....                   Z - +0 pair of boots
Stlth   ..........              A - amulet of faith
HPRegen 0.27/turn               u - +6 ring of strength
MPRegen 0.15/turn               (no ring)

@: no status effects
A: large bone plates 1, poison resistance
a: Renounce Religion, Smiting, Recall Orcish Followers


You were on level 11 of the Dungeon.
You worshipped Beogh.
Beogh was greatly pleased with you.
You visited 1 branch of the dungeon, and saw 11 of its levels.

You collected 751 gold pieces.

Inventory:

Hand Weapons
 a - a +0 war axe (weapon)
 k - a +3 whip
 N - a +0 short sword
 R - a +6 halberd of freezing
 S - a +5 dire flail
Missiles
 j - 68 poisoned darts (quivered)
 F - 2 atropa-tipped darts
 L - 7 throwing nets
Armour
 b - a +0 scale mail
 c - a +0 buckler
 p - a +0 chain mail
 y - a +0 plate armour (worn)
 H - a +1 buckler of reflection (worn)
 M - a +2 robe of willpower
 O - a +0 pair of gloves (worn)
 Z - a +0 pair of boots (worn)
Jewellery
 r - an amulet of the acrobat
 u - a +6 ring of strength (left hand)
 A - an amulet of faith (around neck)
Wands
 w - a wand of flame (12)
 V - a wand of iceblast (6)
 W - a wand of paralysis (4)
 Y - a wand of charming (5)
Scrolls
 f - a scroll of enchant weapon
 h - 2 scrolls of holy word
 i - 2 scrolls of vulnerability
 l - 3 scrolls of fear
 o - a scroll of identify {@rr}
 s - a scroll of silence
 x - a scroll of fog
 B - 2 scrolls of amnesia
 C - 3 scrolls of teleportation {unknown}
 E - 2 scrolls of magic mapping {unknown}
 G - 2 scrolls of noise {unknown}
 I - 3 scrolls of immolation
 J - a scroll of acquirement {unknown}
 K - a scroll of enchant armour
 P - a scroll of torment
 X - a scroll of blinking
Potions
 d - a potion of attraction
 e - 4 potions of curing {@qc}
 g - a potion of mutation
 m - 2 potions of degeneration
 q - a potion of resistance
 t - a potion of haste
 v - a potion of magic
 z - 2 potions of ambrosia
 D - 2 potions of flight
 Q - a potion of brilliance
 T - a potion of invisibility
Miscellaneous
 U - a condenser vane


   Skills:
 + Level 12.0 Fighting
 + Level 12.6 Axes
 + Level 11.0 Armour
 - Level 4.0 Shields
 + Level 9.0 Invocations


You had 10 spell levels left.
You didn't know any spells.
Your spell library contained the following spells:

 Spells                   Type           Power      Damage    Failure   Level
 Freeze                   Ice            0%         1d3       98%         1
 Sting                    Tmut/Pois      0%         1d3       98%         1
 Poisonous Vapours        Pois/Air       0%         N/A       99%         2
 Call Canine Familiar     Summ           0%         N/A       100%        3
 Dazzling Flash           Conj/Hex       0%         N/A       100%        3
 Frozen Ramparts          Ice            0%         1d2       100%        3
 Portal Projectile        Hex/Tloc       0%         N/A       100%        3
 Animate Armour           Summ/Erth      0%         N/A       100%        4
 Hailstorm                Conj/Ice       0%         3d3       100%        4
 Ice Form                 Ice/Tmut       0%         N/A       100%        4
 Iskenderun's Mystic Bla  Conj/Tloc      0%         2d3       100%        4
 Leda's Liquefaction      Hex/Erth       0%         N/A       100%        4
 Olgreb's Toxic Radiance  Pois           0%         N/A       100%        4
 Blade Hands              Tmut           0%         N/A       100%        5
 Iron Shot                Conj/Erth      0%         9d1       100%        6
 Simulacrum               Ice/Necr       0%         N/A       100%        6
 Starburst                Conj/Fire      0%         6d3       100%        6


Dungeon Overview and Level Annotations

Branches:
Dungeon (11/15)            Temple (0/1) D:7            Lair (0/6) D:8
    Orc: D:9-12

Altars:
Dithmenos
Elyvilon
Kikubaaqudgha
Nemelex Xobeh
Okawaru
Qazlal
Ru
Sif Muna
Trog
Uskayaw
Wu Jian
Yredelemnul
Zin
The Shining One


Innate Abilities, Weirdness & Mutations

You are partially covered in large bone plates. (SH +4)
Your system is resistant to poisons. (rPois)


Message History

Unknown command.
You hit the komodo dragon but do no damage.
The komodo dragon is severely wounded.
The boulder beetle curls into a ball and begins rolling!
The komodo dragon bites you.
* * * LOW HITPOINT WARNING * * *
Unknown command.
You hit the komodo dragon but do no damage.
The komodo dragon is severely wounded.
Unknown command.
You swap places.
The komodo dragon bites your orc wizard!
Your orc wizard hits the komodo dragon with a +0 dagger.
The boulder beetle hits you!!
* * * LOW HITPOINT WARNING * * *
The boulder beetle stops rolling and uncurls.
Unknown command.
You barely miss the boulder beetle.
The komodo dragon barely misses your orc wizard.
Your orc wizard barely misses the komodo dragon.
The boulder beetle bites you.
* * * LOW HITPOINT WARNING * * *
Unknown command.
You swap places.
The komodo dragon bites your orc knight!
The boulder beetle closely misses your orc wizard.
Unknown command.
The komodo dragon bites your orc knight!
The boulder beetle curls into a ball and begins rolling!
Unknown command.
Your orc knight hits the komodo dragon with a +0 war axe!!
The komodo dragon dies!
Beogh accepts your kill.
Your Fighting skill increases to level 12!
Your Invocations skill increases to level 9!
You swap places.
Your orc wizard no longer looks unusually strong.
Your orc knight throws a boomerang.
The boomerang hits the yak!
The yak gores your orc knight. The boulder beetle hits you!!!
You die...

.?. ..# ..# ..# ..#
Y.##### ####YY.....
#..o# #.# #@.o# #.#
#oBo## #.# #....##
#.######
#.....###......#
###..............###
.....#.#.#.#...<.....
###..................
#..#.#.#.#.........
#..................


You could see a boulder beetle (rolling, ally target), 2 yaks, a friendly orc
knight, a friendly orc warrior (strong) and 2 friendly orc wizards.

Vanquished Creatures
  Harold (D:7)
  2 two-headed ogres
  Pikel (D:6)
  Joseph (D:7)
  A gargoyle (D:10)
  2 kobold demonologists
  15 yaks
  A vampire mosquito (D:11)
  A black bear (D:5)
  2 orc warriors
  6 sky beasts
  An ice beast (D:7)
  7 centaurs
  5 ogres
  A kobold brigand (D:7)
  3 bullfrogs
  4 scorpions
  A water moccasin skeleton (D:5)
  10 killer bees (D:9)
  5 wights (D:8)
  4 howler monkeys
  A centaur zombie (D:8)
  5 crimson imps (D:7)
  2 bullfrog zombies
  A hound (D:6)
  2 gnoll shamans
  5 orc priests
  2 jellies
  2 bullfrog skeletons
  3 orc wizards
  3 iguanas
  A killer bee zombie (D:8)
  A hound skeleton (D:4)
  2 howler monkey zombies
  6 adders
  9 gnolls
  A shadow imp (D:7)
  4 white imps
  2 ufetubi (D:5)
  An adder skeleton (D:4)
  3 worms
  4 dart slugs
  39 orcs
  7 ball pythons
  6 bats
  4 endoplasms
  4 goblins
  5 hobgoblins
  2 jackals (D:1)
  12 kobolds
  6 quokkas
  3 frilled lizards
  7 rats
229 creatures vanquished.

Vanquished Creatures (collateral kills)
  A komodo dragon (D:11)
  3 vampire mosquitoes (D:11)
  A yak (D:11)
  A water moccasin (D:9)
  A hornet zombie (D:9)
  A centaur (D:10)
  2 killer bees (D:9)
  2 orcs (D:9)
12 creatures vanquished.

Vanquished Creatures (others)
  An orc priest (D:9)
  An orc wizard (D:9)
  An orc (D:9)
  3 fungi (D:8)
  5 plants
11 creatures vanquished.

Grand Total: 252 creatures vanquished

Notes
Turn   | Place    | Note
-------+----------+-------------------------------------------
     0 | D:1      | Htamos the Hill Orc Fighter began the quest for the Orb.
     0 | D:1      | Reached XP level 1. HP: 19/19 MP: 1/1
   151 | D:1      | Reached XP level 2. HP: 19/27 MP: 2/2
   558 | D:1      | Reached XP level 3. HP: 33/33 MP: 3/3
  1023 | D:2      | Reached XP level 4. HP: 15/40 MP: 4/4
  2080 | D:3      | Found a faded altar of an unknown god.
  2997 | D:4      | Noticed a scorpion
  3010 | D:4      | Killed a scorpion
  3011 | D:4      | Reached XP level 5. HP: 30/47 MP: 5/5
  3236 | D:4      | Reached skill level 5 in Fighting
  3294 | D:4      | Found a basalt altar of Yredelemnul.
  3494 | D:4      | Found an iron altar of Okawaru.
  3719 | D:5      | Entered Level 5 of the Dungeon
  3726 | D:4      | Reached XP level 6. HP: 56/56 MP: 6/6
  3771 | D:5      | Reached skill level 5 in Axes
  3771 | D:5      | Reached skill level 5 in Armour
  4222 | D:5      | Noticed a black bear
  4231 | D:5      | Killed a black bear
  4232 | D:5      | Reached XP level 7. HP: 62/62 MP: 7/7
  4427 | D:5      | Noticed a kobold demonologist
  4699 | D:4      | Noticed a neqoxec
  4699 | D:4      | Noticed a smoke demon
  4699 | D:4      | Gained mutation: You are partially covered in large bone
                  | plates. (SH +4) [a neqoxec]
  4719 | D:4      | Killed a kobold demonologist
  4720 | D:4      | Reached XP level 8. HP: 40/71 MP: 8/8
  4994 | D:5      | Found a sparkling altar of Nemelex Xobeh.
  4995 | D:5      | Found a sacrificial altar of Ru.
  5068 | D:5      | Noticed a yak
  5077 | D:5      | Killed a yak
  5506 | D:6      | Found an ornate altar of the Wu Jian Council.
  5552 | D:6      | Reached XP level 9. HP: 48/82 MP: 9/9
  5839 | D:6      | Became a worshipper of Beogh the Brigand
  6356 | D:7      | Reached skill level 1 in Invocations
  6433 | D:7      | Noticed Pikel
  6482 | D:6      | Killed Pikel
  6986 | D:7      | Reached * piety under Beogh
  7122 | D:7      | Reached skill level 10 in Axes
  7155 | D:7      | Noticed Joseph
  7166 | D:7      | Gained mutation: Your system is resistant to poisons.
                  | (rPois) [potion of mutation]
  7181 | D:7      | Killed Joseph
  7182 | D:7      | Reached XP level 10. HP: 42/93 MP: 13/13
  7420 | D:7      | Found a staircase to the Ecumenical Temple.
  7452 | D:7      | Found a bloodstained altar of Trog.
  7579 | D:7      | Noticed Harold
  7581 | D:7      | Reached skill level 10 in Fighting
  7585 | D:7      | Reached ** piety under Beogh
  7586 | D:7      | Reached skill level 5 in Invocations
  7598 | D:7      | Killed Harold
  7916 | D:7      | Found a white marble altar of Elyvilon.
  7920 | D:7      | Found a hide-covered altar of Uskayaw.
  8048 | D:8      | Found a staircase to the Lair.
  9116 | D:8      | Reached skill level 10 in Armour
  9141 | D:8      | Reached XP level 11. HP: 75/102 MP: 16/16
  9682 | D:8      | Reached *** piety under Beogh
  9930 | D:9      | Found a shimmering blue altar of Sif Muna.
  9977 | D:9      | Found a stormy altar of Qazlal.
 10140 | D:9      | Found a shadowy altar of Dithmenos.
 10199 | D:9      | Reached **** piety under Beogh
 10841 | D:9      | Found a glowing golden altar of the Shining One.
 10971 | D:10     | Entered Level 10 of the Dungeon
 10974 | D:10     | Noticed a two-headed ogre
 10975 | D:10     | Noticed a two-headed ogre
 10993 | D:9      | Killed a two-headed ogre
 11295 | D:10     | Killed a two-headed ogre
 11460 | D:10     | Found a glowing silver altar of Zin.
 11552 | D:10     | Found an ancient bone altar of Kikubaaqudgha.
 12057 | D:11     | Noticed a boulder beetle
 12077 | D:11     | Mangled by a boulder beetle

Illustrated notes

Levels and vault maps discovered:
D:1:      amcnicky_arrival_flooded_fountain, layout_rooms
D:2:      layout_basic, minmay_hexomino_c4
D:3:      layout_basic, hellmonk_ecumenical_altar_blasted, hex_tiny
D:4:      layout_rooms, amcnicky_altar_gilded, okawaru_metal_pillars_1_2
D:5:      minmay_chambers_of_threes, layout_cave_pools,
          grunt_temple_overflow_open
D:6:      layout_basic, nzn_wu_jian_contemplation, serial_bayou_crossing
D:7:      layout_cave_pools, mainiacjoe_overflow_alcove_1, minitemple,
          minmay_temple_entry_offerings, hangedman_decor_clover_reticule,
          minmay_nine_imps, uniq_harold, uniq_joseph, uniq_pikel
D:8:      layout_cave_pods, dpeg_oklobed_lair, special_room [special_room_orc],
          hangedman_abyss_or_decor_clamps, chequers_jeans,
          kennysheep_small_square
D:9:      layout_basic, tgw_sif, tso_altar, mainiacjoe_overflow_paths,
          grunt_qazlal_clouds, st_stairs_1
D:10:     layout_small_grid, kiku_gazebo_pond_becter, overflow_temple_1_default,
          minmay_large_rounded_square
D:11:     layout_small_grid, zombieorc2_lemuel, serial_shops, shop,
          serial_glass, glass_columns_b, glass_columns_c, glass_columns_c

Skill      XL: |  1  2  3  4  5  6  7  8  9 10 11 |
---------------+----------------------------------+-----
Axes           | 3 4 5 6 8 10 11 12 | 12.6
Fighting       | 4 5 6 8 9 11 12 | 12.0
Armour         | 4 5 6 7 9 10 11 | 11.0
Shields        | 4 |  4.0
Invocations    | 4 7 9 |  9.0

Action                   |  1- 3 |  4- 6 |  7- 9 | 10-12 || total
-------------------------+-------+-------+-------+-------++-------
Melee: War axe           |    95 |   135 |   278 |   365 ||   873
Invok: Convert to Beogh  |       |       |     1 |       ||     1
       Recall Orcish Fol |       |       |       |     1 ||     1
  Use: Potion            |     1 |     1 |     4 |     5 ||    11
       Scroll            |       |     5 |     1 |    12 ||    18
 Stab: Distracted        |       |       |       |     2 ||     2
       Confused          |       |       |       |     1 ||     1
Armor: Scale mail        |    40 |    31 |       |       ||    71
       Plate armour      |       |    14 |   131 |   162 ||   307
Dodge: Dodged            |    52 |    63 |    60 |    75 ||   250
Block: Buckler           |    23 |    34 |    99 |   166 ||   322
       Reflection        |       |       |     1 |     8 ||     9

Table legend: (Time is in decaauts)
 A = Elapsed time spent in this place.
 B = Non-inter-level travel time spent in this place.
 C = Inter-level travel time spent in this place.
 D = Time resting spent in this place.
 E = Time spent auto-exploring this place.
 F = Levels seen in this place.
 G = Mean time per level.
                   A        B        C        D        E       F      G
               +--------+--------+--------+--------+--------+-----+--------+
         Total |  12154 |  11823 |    331 |   1554 |   8193 |  11 | 1104.9 |
       Dungeon |  12154 |  11823 |    331 |   1554 |   8193 |  11 | 1104.9 |
               +--------+--------+--------+--------+--------+-----+--------+

Top non-repeatable levels by time:
     D:9: 1688 daAuts
     D:8: 1535 daAuts
     D:7: 1386 daAuts
     D:5: 1233 daAuts
     D:2: 1206 daAuts
     D:6: 1184 daAuts
     D:4: 1181 daAuts
     D:3: 1120 daAuts
    D:10: 767 daAuts
     D:1: 761 daAuts
    D:11: 88 daAuts
